 Dungeon Crawl Stone Soup version 0.31-a0-18-gea43df2a32 (webtiles) character file.

Game seed: 12715048690106470784

76 Dittersdorf the Shield-Bearer (level 4, 0/29 HPs)
             Began as a Gargoyle Fighter on May 10, 2023.
             Killed from afar by Terence (12 damage)
             ... with a puff of flame
             ... on level 3 of the Dungeon.
             The game lasted 00:01:59 (1939 turns).

Dittersdorf the Shield-Bearer (Gargoyle Fighter)    Turns: 1939, Time: 00:01:59

Health: 0/29       AC: 14    Str: 21    XL:     4   Next: 32%
Magic:  4/4        EV:  7    Int:  9    God:
Gold:   132        SH:  4    Dex:  9    Spells: 3/3 levels left

rFire   . . .        a - +0 flail
rCold   . . .        c - +0 buckler
rNeg    + . .        f - +0 chain mail
rPois   ∞            (no helmet)
rElec   +            (no cloak)
rCorr   .            e - +0 pair of gloves
SInv    .            (no boots)
Will    .....        (no amulet) Stlth
                     (no ring)
HPRegen 0.24/turn    (no ring)
MPRegen 0.09/turn

%: no passive effects
@: no status effects
A: sickness immunity, AC +3, negative energy resistance 1, electricity
resistance, torment resistance 1, petrification resistance
a: no special abilities


You were on level 3 of the Dungeon.
You visited 1 branch of the dungeon, and saw 3 of its levels.

You collected 132 gold pieces.

Inventory:

Hand Weapons
 a - a +0 flail (weapon)
Armour
 c - a +0 buckler (worn)
 e - a +0 pair of gloves (worn)
 f - a +0 chain mail (worn)
 k - a +0 plate armour
Jewellery
 l - an amulet of regeneration
Wands
 m - a wand of light (15)
Scrolls
 b - 2 scrolls of magic mapping {unknown}
 h - 2 scrolls of teleportation {unknown}
 j - a scroll of vulnerability {unknown}
 o - a scroll of silence {unknown}
 p - 2 scrolls of identify {unknown}
 r - a scroll of butterflies {unknown}
Potions
 d - 2 potions of might
 g - a potion of curing {unknown}
 i - 2 potions of lignification {unknown}
 n - a potion of ambrosia {unknown}
 q - a potion of heal wounds {unknown}
 s - a potion of degeneration {unknown}


   Skills:
 + Level 3.9 Fighting
 + Level 2.8 Maces & Flails
 + Level 3.9 Armour
 + Level 4.0 Shields


You had 3 spell levels left.
You didn't know any spells.
Your spell library was empty.

Dungeon Overview and Level Annotations

Branches:
Dungeon (3/15)

Altars:
Vehumet

Annotations:
D:3 Terence


Innate Abilities, Weirdness & Mutations

You are immune to sickness and miasma.
Your stone body is resilient. (AC +3)
You are immune to poison.
You resist negative energy. (rN+)
You are resistant to electric shocks. (rElec)
You are resistant to unholy torment.
You are immune to petrification.


Message History

You barely miss the hobgoblin.
The hobgoblin is lightly wounded.
You block the hobgoblin's attack.
You thump the hobgoblin!
You kill the hobgoblin!
No target in view!
No target in view!
No target in view!
No target in view!
No target in view!
No target in view!
No target in view!
No target in view!
No target in view!
No target in view!
No target in view!
No target in view!
You now have 132 gold pieces (gained 15).
Terence the Incautious comes into view.
He is wielding a +0 short sword and carrying a wand of flame (23).
Terence shouts!
Terence zaps a wand.
The puff of flame hits you. You block Terence's attack.
You closely miss Terence.
Terence zaps a wand.
The puff of flame hits you! Terence hits you but does no damage.
You barely miss Terence. Terence barely misses you.
You hit Terence.
Terence is moderately wounded.
Terence barely misses you.
You barely miss Terence.
Terence is moderately wounded.
Terence hits you with a +0 short sword.
You barely miss Terence.
Terence is moderately wounded.
Terence zaps a wand.
The puff of flame hits you but does no damage.
You hit Terence.
Terence is heavily wounded.
Terence zaps a wand.
The puff of flame hits you.
Terence zaps a wand.
The puff of flame hits you!
You die...

### ..# #.# #@#########
#@#.......#
####.#.#####.#
#....#.....#.#
#.####.....#.#
#.#.....####.#
#######.#.#........#
#.....#...#.######### #
#.###.#<............#
##.#<..#.#.###########.#


You could see Terence.

Vanquished Creatures
  An adder (D:2)
  A worm (D:2)
  3 dart slugs
  4 ball pythons
  5 endoplasms
  2 giant cockroaches (D:1)
  3 goblins (D:2)
  7 hobgoblins
  6 jackals
  5 kobolds
  2 quokkas
  A bat (D:1)
  6 frilled lizards
  8 rats
54 creatures vanquished.

Notes
Turn   | Place    | Note
-------+----------+-------------------------------------------
     0 | D:1      | Dittersdorf the Gargoyle Fighter began the quest for the
                  | Orb.
     0 | D:1      | Reached XP level 1. HP: 14/14 MP: 1/1
   185 | D:1      | Reached XP level 2. HP: 13/19 MP: 2/2
   618 | D:1      | Reached XP level 3. HP: 23/23 MP: 3/3
  1317 | D:2      | Reached XP level 4. HP: 28/29 MP: 4/4
  1781 | D:3      | Reached skill level 4 in Shields
  1827 | D:3      | Found a radiant altar of Vehumet.
  1931 | D:3      | Noticed Terence
  1939 | D:3      | Killed from afar by Terence

Illustrated notes

Levels and vault maps discovered:
D:1:      psy_arrival_conway, layout_loops_ring,
          nicolae_concentric_dashed_squares_mild, st_stairs_6
D:2:      layout_loops_corners, minmay_misc_feat_square, grunt_ministairs_2,
          minmay_tetromino_o2
D:3:      layout_basic, mainiacjoe_overflow_concentric_impassable, uniq_natasha,
          uniq_terence

Skill      XL: |  1  2  3  4 |
---------------+-------------+-----
Shields        | 4 |  4.0
Fighting       | |  3.9
Maces & Flails | |  2.8
Armour         | |  3.9

Action                     |  1- 3 |  4- 6 || total
---------------------------+-------+-------++-------
  Melee: Flail             |   151 |    45 ||   196
 Armour: Chain mail        |   114 |    26 ||   140
  Dodge: Dodged            |    70 |    24 ||    94
  Block: Buckler           |    41 |     7 ||    48

Table legend: (Time is in decaauts)
 A = Elapsed time spent in this place.
 B = Non-inter-level travel time spent in this place.
 C = Inter-level travel time spent in this place.
 D = Time resting spent in this place.
 E = Time spent auto-exploring this place.
 F = Levels seen in this place.
 G = Mean time per level.
                   A        B        C        D        E       F      G
               +--------+--------+--------+--------+--------+-----+--------+
         Total |   2006 |   1919 |     87 |      0 |   1478 |   3 |  668.7 |
       Dungeon |   2006 |   1919 |     87 |      0 |   1478 |   3 |  668.7 |
               +--------+--------+--------+--------+--------+-----+--------+

Top non-repeatable levels by time:
     D:2: 966 daAuts
     D:1: 846 daAuts
     D:3: 192 daAuts
